AoeStats
← AiM | Facu1414

Black Forest

505778509Analyzed
4v4 RM · 20d ago on Sep 11, 2026· 85m 43s· 8 players
Game mode
Random Map
Map size
Large (8 player)
Population
200
Speed
Normal
Resources
Standard
Victory
Conquest
Starting age
Dark Age
Ending age
Imperial Age
RankedLock teamsTeams togetherTeam positionsShared explorationLock speedFull tech treeHidden civsTurbo modeCheats
Victory
Defeat
🇦🇷 Hindustanis · Argentina
1714
+11
🇦🇷 Spanish · Argentina
1656
+13
🇨🇳 Mongols · China
1642
+14
🇨🇱 Teutons · Chile
1592
+17
🇮🇳 Dravidians · India
1775
-20
🇦🇷 Khmer · Argentina
1573
-13
🇦🇷 Georgians · Argentina
1560
-12
🇨🇱 Persians · Chile
1492
-10
Marlin
11:17 Feudal Age
11:57 Double-Bit Axe
14:56 Castle Age
13:06 Horse Collar
14:51 Loom
16:06 Bow Saw
23:33 Wheelbarrow
27:32 Forging
27:29 Stone Mining
27:29 Gold Mining
32:40 Imperial Age
30:02 Fletching
30:23 Padded Archer Armor
31:22 Gold Shaft Mining
31:23 Stone Shaft Mining
31:15 Bodkin Arrow
32:01 Ballistics
32:20 Leather Archer Armor
33:23 Bracer
34:26 Chemistry
34:31 Elite Mangudai
36:06 Hand Cart
36:47 Iron Casting
36:17 Scale Barding Armor
36:36 Bloodlines
35:48 Heavy Camel Rider
36:28 Husbandry
36:34 Heavy Plow
36:21 Town Watch
37:18 Thumb Ring
37:38 Parthian Tactics
37:40 Conscription
38:38 Chain Barding Armor
39:18 Blast Furnace
38:14 Elite Mangudai
39:47 Masonry
39:30 Light Cavalry
40:06 Hussar
47:13 Caravan
51:48 Town Patrol
52:30 Capped Ram
56:28 Siege Ram
59:19 Drill
58:59 Nomads
69:27 Onager
71:09 Hoardings
73:27 Siege Onager
MUERE CACA
0:45 Loom
17:45 Feudal Age
21:41 Castle Age
21:25 Double-Bit Axe
21:23 Horse Collar
21:37 Gold Mining
29:01 Imperial Age
28:31 Sanctity
28:22 Fervor
30:13 Block Printing
30:07 Scale Barding Armor
31:07 Illumination
32:19 Theocracy
34:14 Redemption
35:34 Bloodlines
38:07 Chain Barding Armor
41:19 Plate Barding Armor
42:20 Caravan
46:16 Chemistry
47:28 Bow Saw
48:07 Wheelbarrow
49:04 Inquisition
49:25 Conscription
48:58 Stone Mining
50:55 Hand Cart
51:12 Masonry
51:39 Hoardings
51:41 Fletching
52:56 Heavy Plow
54:57 Two-Man Saw
54:28 Bombard Tower
54:58 Ballistics
54:47 Bodkin Arrow
55:03 Elite Cannon Galleon
57:02 Architecture
56:46 Bracer
57:55 Fortified Wall
61:13 Coinage
61:03 Guilds
63:16 Banking
75:00 Town Watch
76:20 Cavalier
77:00 Husbandry
76:21 Capped Ram
77:16 Forging
77:30 Capped Ram
78:48 Iron Casting
77:37 Paladin
81:26 Blast Furnace
Savmo
1:09 Loom
9:43 Feudal Age
13:42 Double-Bit Axe
13:56 Fletching
22:31 Wheelbarrow
25:16 Castle Age
24:21 Double-Bit Axe
24:35 Stone Mining
27:25 Horse Collar
28:41 Bow Saw
30:41 Gold Mining
30:38 Fishing Lines
32:12 Heavy Plow
34:49 Masonry
38:46 Imperial Age
36:08 Town Watch
35:56 Pikeman
36:39 Scale Mail Armor
37:45 Squires
37:30 Gambesons
38:00 Arson
38:35 Chain Mail Armor
38:38 Forging
39:47 Ballistics
39:38 Masonry
38:57 Halberdier
40:11 Plate Mail Armor
40:09 Conscription
39:32 Onager
41:29 Fortified Wall
42:23 Chemistry
41:28 Gillnets
41:34 Onager
42:57 Crop Rotation
43:29 Two-Man Saw
43:21 Iron Casting
42:41 Bodkin Arrow
42:26 Capped Ram
44:20 Hoardings
43:23 Man-at-Arms
44:31 Hand Cart
44:17 Town Patrol
44:52 Crenellations
45:00 Long Swordsman
45:43 Two-Handed Swordsman
46:55 Guilds
46:59 Siege Onager
49:41 Blast Furnace
49:21 Ironclad
52:23 Ironclad
57:12 Siege Engineers
59:59 Champion
65:43 Caravan
75:14 Coinage
76:55 Arrowslits
77:30 Bombard Tower
82:28 Banking
83:34 Guard Tower
85:28 Keep
Lic. VELEZ Y VINO
7:04 Loom
12:35 Feudal Age
14:02 Double-Bit Axe
16:52 Castle Age
18:03 Bow Saw
22:52 Scale Barding Armor
23:19 Horse Collar
26:42 Wheelbarrow
25:58 Fishing Lines
27:57 Bloodlines
27:48 Husbandry
29:13 Gold Mining
32:39 Imperial Age
31:35 Forging
32:17 Gold Shaft Mining
31:32 Stone Mining
31:49 Grand Trunk Road
32:31 Hand Cart
33:29 Chain Barding Armor
33:45 Iron Casting
32:56 Onager
33:31 Heavy Camel Rider
34:52 Plate Barding Armor
33:41 Heavy Camel Rider
35:25 Heavy Plow
36:24 Conscription
35:41 Imperial Camel Rider
39:41 Iron Casting
40:04 Light Cavalry
41:27 Caravan
42:46 Chemistry
43:49 Siege Engineers
44:05 Ballistics
45:45 Siege Elephant
48:51 Medium Warships
48:32 Gillnets
59:58 Coinage
63:45 Banking
71:49 Masonry
72:40 Blast Furnace
71:31 Fletching
76:08 Padded Archer Armor
77:37 Leather Archer Armor
77:23 Shatagni
78:00 Hoardings
77:26 Elite Ghulam
78:07 Scale Mail Armor
78:09 Squires
79:14 Ring Archer Armor
79:27 Chain Mail Armor
79:07 Bodkin Arrow
AIM | Agua cate 98
0:32 Loom
12:32 Feudal Age
15:54 Fletching
21:23 Double-Bit Axe
21:50 Horse Collar
23:00 Gold Mining
23:07 Stone Mining
25:39 Wheelbarrow
29:03 Castle Age
28:19 Fishing Lines
28:49 Gold Mining
30:01 Bow Saw
29:55 Heavy Plow
32:11 Bodkin Arrow
36:00 Imperial Age
34:16 Town Watch
34:24 Guard Tower
34:46 Masonry
34:17 Treadmill Crane
34:49 Fortified Wall
35:56 Svan Towers
36:30 Ballistics
37:30 Keep
38:12 Chemistry
37:14 Bracer
38:32 Arrowslits
39:56 Coinage
39:29 Caravan
40:04 Hand Cart
39:53 Pikeman
40:34 Squires
42:28 Halberdier
43:11 Scale Mail Armor
43:21 Forging
43:48 Coinage
44:59 Chain Mail Armor
52:05 Plate Mail Armor
52:10 Iron Casting
52:50 Iron Casting
57:54 Murder Holes
58:31 Architecture
60:14 Blast Furnace
59:30 Block Printing
62:05 Guilds
63:27 Town Patrol
65:27 Banking
68:15 Arson
69:54 Siege Engineers
73:11 Conscription
73:31 Hoardings
73:59 Arson
AiM | Facu1414
5:15 Loom
12:14 Feudal Age
13:05 Double-Bit Axe
15:23 Castle Age
13:17 Fishing Lines
14:39 Bloodlines
15:40 Light Cavalry
21:21 Scale Barding Armor
23:49 Horse Collar
25:30 Chain Barding Armor
27:26 Wheelbarrow
26:36 Town Watch
28:37 Hand Cart
29:01 Gold Mining
29:14 Heavy Plow
29:25 Bow Saw
29:47 Forging
31:50 Gold Shaft Mining
31:06 Stone Mining
31:19 Husbandry
34:39 Imperial Age
33:01 Iron Casting
34:22 Stone Shaft Mining
35:20 Tusk Swords
35:30 Town Patrol
35:15 Onager
36:52 Plate Barding Armor
37:17 Blast Furnace
36:17 Elite Battle Elephant
37:30 Capped Ram
39:17 Coinage
41:31 Conscription
41:43 Elite Ballista Elephant
42:50 Double Crossbow
44:45 Chemistry
44:05 Ballistics
44:16 Padded Archer Armor
44:04 Hussar
45:18 Leather Archer Armor
48:20 Caravan
63:07 Banking
66:23 Ring Archer Armor
65:46 Fletching
67:45 Siege Engineers
76:00 Devotion
AiM | PoRRo
7:28 Loom
12:57 Feudal Age
16:21 Castle Age
14:11 Double-Bit Axe
14:31 Horse Collar
22:47 Heavy Plow
26:10 Wheelbarrow
25:52 Scale Barding Armor
26:58 Chain Barding Armor
30:17 Imperial Age
28:21 Forging
28:46 Bloodlines
29:17 Gold Mining
29:39 Bow Saw
30:06 Husbandry
31:01 Iron Casting
31:56 Gold Shaft Mining
30:57 Heavy Camel Rider
33:10 Plate Barding Armor
33:53 Blast Furnace
34:06 Chemistry
33:16 Cavalier
34:42 Conscription
35:25 Light Cavalry
37:23 Devotion
36:57 Savar
39:21 Crop Rotation
39:52 Two-Man Saw
43:00 Fletching
44:07 Hussar
46:58 Caravan
47:28 Stone Mining
49:09 Bodkin Arrow
49:38 Ballistics
52:44 Elite Skirmisher
56:08 Murder Holes
56:16 Padded Archer Armor
57:54 Hand Cart
58:12 Leather Archer Armor
60:07 Citadels
59:58 Kamandaran
60:23 Crossbowman
61:10 Thumb Ring
61:41 Ring Archer Armor
64:27 Pikeman
65:09 Scale Mail Armor
65:11 Squires
64:57 Capped Ram
65:47 Halberdier
66:51 Chain Mail Armor
69:11 Faith
71:25 Siege Ram
77:18 Arson
78:38 Town Watch
83:55 Plate Mail Armor
Aqua Sama
2:17 Loom
16:19 Feudal Age
19:55 Castle Age
18:02 Fishing Lines
19:21 Double-Bit Axe
19:25 Town Watch
20:33 Gillnets
30:17 Horse Collar
32:04 Wheelbarrow
31:39 Gold Mining
31:39 Stone Mining
32:16 Fortified Wall
33:12 Fletching
36:43 Imperial Age
35:21 Hand Cart
35:45 Masonry
35:51 Bodkin Arrow
36:32 Heavy Plow
37:29 Bracer
38:31 Chemistry
37:44 Crossbowman
38:28 Arbalester
40:08 Thumb Ring
40:47 Padded Archer Armor
41:10 Conscription
42:07 Leather Archer Armor
44:35 Ring Archer Armor
45:13 Ballistics
45:12 Guilds
46:03 Scale Mail Armor
46:14 Forging
49:11 Bow Saw
49:56 Hoardings
49:34 Caravan
53:32 Two-Man Saw
60:19 Pikeman
60:59 Squires
62:00 Halberdier
62:58 Chain Mail Armor
62:54 Forging
64:10 Plate Mail Armor
71:42 Devotion
72:25 Coinage
73:02 Faith
73:51 Coinage
74:34 Forging
76:44 Iron Casting
77:43 Wootz Steel
80:04 Blast Furnace
80:40 Man-at-Arms
81:06 Gambesons
81:34 Long Swordsman
81:42 Siege Elephant
82:24 Two-Handed Swordsman
83:57 Champion
84:52 Arson
Connection lost

Rejoining the realm…

Still unreachable

The connection could not be restored.

Session expired

The server has moved on; the page needs a fresh start.